 Dungeon Crawl Stone Soup version 0.21.1-1-g345015f (webtiles) character file.

56611 shakethe the Severer (level 14, 0/122 HPs)
             Began as a Hill Orc Fighter on Feb 9, 2018.
             Was the Champion of Cheibriados.
             Slain by an elephant (44 damage)
             ... on level 6 of the Lair of Beasts.
             The game lasted 00:55:50 (17284 turns).

shakethe the Severer (Hill Orc Fighter)            Turns: 17284, Time: 00:55:51

Health: 0/122      AC: 22    Str: 39    XL:     14   Next: 82%
Magic:  7/7        EV: 19    Int: 25    God:    Cheibriados [******]
Gold:   564        SH:  0    Dex: 25    Spells: 13/13 levels left

rFire    + + +     SeeInvis .   Z - +5 broad axe of Prudence {antimagic, *Slow +Rage rElec rF+}
rCold    x . .     Gourm    .   c - +2 shield
rNeg     . . .     Faith    .   H - +0 fire dragon scales
rPois    .         Spirit   .   N - +2 helmet
rElec    +         Reflect  +   (no cloak)
rCorr    .         Harm     .   n - +1 pair of gloves
MR       ++...                  u - +1 pair of boots
Stlth    ..........             M - amulet "Zofekh" {Reflect Int+2 SH+2}
HPRegen  0.70/turn              g - ring of protection from magic {MR+, !d}
MPRegen  0.10/turn              j - +2 ring of evasion

@: sleeping, very slow
A: slimy green scales 1, regeneration 1
a: Bend Time, Temporal Distortion, Slouch, Step From Time, Renounce Religion,
Evoke Berserk Rage


You were on level 6 of the Lair of Beasts.
You worshipped Cheibriados.
Cheibriados was exalted by your worship.
You were hungry.

You visited 2 branches of the dungeon, and saw 18 of its levels.
You visited 1 bazaar.

You collected 1201 gold pieces.
You spent 637 gold pieces at shops.

Inventory:

Hand Weapons
 U - a +0 great mace of crushing
   (You took it off Rupert on level 3 of the Lair of Beasts)
 Z - the +5 broad axe of Prudence (weapon) {antimagic, *Slow +Rage rElec rF+}
   (You found it on level 5 of the Lair of Beasts)

   It reduces the magical energy of the wielder, and disrupts the spells and
   magical abilities of those hit.
   Natural abilities and divine invocations are not affected.
   It protects you from fire.
   It insulates you from electricity.
   It lets you go berserk.
   It may slow you when you take damage.
Missiles
 x - 11 curare-tipped needles
 A - 4 throwing nets {=f, !d}
Armour
 c - a +2 shield (worn)
 n - a +1 pair of gloves (worn)
   (You found it on level 2 of the Dungeon)
 q - the +3 ring mail "Rorekar" {rCorr Dex+2 SInv Stlth+}
   (You found it on level 4 of the Dungeon)

   It affects your dexterity (+2).
   It lets you see invisible.
   It protects you from acid and corrosion.
   It makes you more stealthy.
 u - a +1 pair of boots (worn)
   (You found it on level 2 of the Lair of Beasts)
 H - +0 fire dragon scales (worn)
   (You found it on level 5 of the Lair of Beasts)
 N - a +2 helmet (worn)
   (You bought it in a shop in a bazaar)
Jewellery
 g - a ring of protection from magic (left hand) {MR+, !d}
   (You found it on level 6 of the Dungeon)
 j - a +2 ring of evasion (right hand)
   (You found it on level 1 of the Dungeon)
 r - an uncursed ring of see invisible {sInv, !d}
   (You took it off an orc wizard on level 4 of the Dungeon)
 y - an uncursed ring of protection from cold {rC+, !d}
   (You found it on level 7 of the Dungeon)
 E - an uncursed ring of resist corrosion
   (You found it on level 11 of the Dungeon)
 M - the amulet "Zofekh" (around neck) {Reflect Int+2 SH+2}
   (You found it on level 11 of the Dungeon)

   [amulet of reflection]

   It shields you and reflects attacks.
   It affects your intelligence (+2).
   It affects your SH (+2).
 Q - an uncursed ring of magical power {MP+9}
   (You found it on level 3 of the Lair of Beasts)
Wands
 b - a wand of paralysis (11)
   (You found it on level 12 of the Dungeon)
 w - a wand of flame (17)
   (You found it on level 7 of the Dungeon)
 B - a wand of acid (4)
   (You found it on level 7 of the Dungeon)
 F - a wand of scattershot (5)
   (You took it off an orc on level 11 of the Dungeon)
 I - a wand of polymorph (30)
   (You took it off a crimson imp on level 10 of the Dungeon)
 L - a wand of digging (15)
   (You found it on level 3 of the Lair of Beasts)
Scrolls
 e - 12 scrolls of remove curse
 h - a scroll of blinking {unknown}
 l - 6 scrolls of teleportation
 m - 4 scrolls of fear
 p - 3 scrolls of magic mapping {!r}
 v - 12 scrolls of identify
 D - 6 scrolls of amnesia
 R - a scroll of acquirement {unknown}
 S - 2 scrolls of immolation {unknown}
 W - a scroll of enchant armour
 Y - a scroll of holy word {unknown}
Potions
 d - a potion of haste {unknown}
 i - 5 potions of curing
 k - 2 potions of degeneration {unknown}
 o - 7 potions of brilliance
 s - 2 potions of cancellation
 t - 3 potions of lignification {unknown}
 z - a potion of berserk rage {unknown}
 C - a potion of magic {unknown}
 G - 3 potions of agility {unknown}
 P - a potion of invisibility
Miscellaneous
 O - a phial of floods
   (You found it on level 5 of the Lair of Beasts)
Comestibles
 f - 32 rations


   Skills:
 + Level 10.9 Fighting
 * Level 16.8 Axes
 + Level 11.0 Armour
 + Level 7.2 Dodging
 * Level 14.7 Shields
 + Level 9.6 Invocations


You had 13 spell levels left.
You didn't know any spells.

Dungeon Overview and Level Annotations

Branches:
Dungeon (12/15)            Temple (0/1) D:6            Lair (6/6) D:9
  Swamp (0/4) Lair:2        Snake (0/4) Lair:3        Slime (0/5) Lair:6
    Orc (0/2) D:11

Altars:
Ashenzari
Cheibriados
Elyvilon
Nemelex Xobeh
Qazlal
Sif Muna
Vehumet
Wu Jian
Xom
Yredelemnul
Zin
The Shining One

Shops:
D:4 :   D:8 %(   D:9 :   D:11 !   D:12 %*[*

Annotations:
D:4 exclusion: Edmund, Edmund


Innate Abilities, Weirdness & Mutations

You are partially covered in slimy green scales. (AC +2)
Your natural rate of healing is unusually fast.


Message History

The yak gores you!!
You wake up.
You block the yak's attack. The yak gores you.
You take 23 damage, and have 59/122 hp.
You are too injured to fight recklessly!
You are too injured to fight recklessly!
You are too injured to fight recklessly!
You are too injured to fight recklessly!
Okay, then.
You slice the yak like a ripe choko!!!
You kill the yak!
Cheibriados appreciates the change of pace.
You slash the yak! You hit the yak. The yak misses you.
The yak closely misses you.
You hit the elephant. You completely miss the elephant.
You hit the yak but do no damage. You hit the yak. The elephant misses you.
You block the elephant's attack. x2; The elephant closely misses you.
You block the yak's attack. The yak gores you.
You slash the elephant! You hit the yak. You slice the yak!!
You kill the yak!
Cheibriados appreciates the change of pace.
You slash the dream sheep! You hit the elephant but do no damage.
You block the elephant's attack.
The elephant trunk-slaps you but does no damage.
The elephant closely misses you. You block the elephant's attack.
The dream sheep bites you but does no damage.
You slice the dream sheep!!
You kill the dream sheep!
Cheibriados thoroughly appreciates the change of pace.
You closely miss the dream sheep. You barely miss the elephant.
You slash the elephant! You slash the yak!
You kill the yak!
Cheibriados thoroughly appreciates the change of pace.
The elephant barely misses you. You block the elephant's attack.
You slice the dream sheep!!
You kill the dream sheep!
Cheibriados thoroughly appreciates the change of pace.
You slash the elephant! You hit the elephant but do no damage.
You slash the dream sheep! You block the elephant's attack.
The elephant completely misses you. The dream sheep completely misses you.
You chop the dream sheep into pieces!!!
You kill the dream sheep!
Cheibriados thoroughly appreciates the change of pace.
You hit the elephant. You slice the elephant!! You block the elephant's attack.
The elephant completely misses you. The elephant misses you.
You block the elephant's attack.
A jelly comes into view.
The jelly quivers.
You hit the elephant. You slash the yak! You hit the elephant.
You slice the elephant!! You block the elephant's attack.
The elephant misses you. The elephant completely misses you.
The elephant trunk-slaps you but does no damage.
You block the elephant's attack. x2
The dream sheep shake their wool and sparkle.
You feel drowsy...
You fall asleep.
The yak completely misses you. The elephant closely misses you.
The elephant misses you. The elephant completely misses you.
The elephant closely misses you.
The elephant tramples you but does no damage.
The elephant trunk-slaps you.
You wake up.
You block the yak's attack.
You take 3 damage, and have 58/122 hp.
You hit the elephant. You barely miss the elephant. You slash the elephant!
You hit the yak. You block the elephant's attack.
The elephant trunk-slaps you but does no damage.
You completely miss the elephant. You closely miss the yak.
You barely miss the elephant. You hit the elephant.
You block the elephant's attack. x2
The elephant tramples you but does no damage.
The elephant completely misses you. The yak gores you!
You take 7 damage, and have 51/122 hp.
You hit the elephant but do no damage. You slash the yak! You hit the elephant.
You slice the elephant!!
You kill the elephant!
Cheibriados appreciates the change of pace.
The elephant tramples you!
You stumble backwards!
You block the yak's attack. The elephant tramples you.
You stumble backwards!
You take 10 damage, and have 41/122 hp.
You slice the elephant!! The elephant barely misses you.
You block the elephant's attack.
You slash the elephant! x2
You kill the elephant!
Cheibriados thoroughly appreciates the change of pace.
You slash the yak! The yak gores you but does no damage.
You hit the elephant but do no damage. You slash the yak!
You barely miss the yak. You block the elephant's attack.
The elephant trunk-slaps you but does no damage.
You slash the yak!
You kill the yak!
Cheibriados appreciates the change of pace.
You completely miss the yak. You slash the elephant! You hit the yak.
The elephant barely misses you. You block the elephant's attack.
You hit the elephant.
You kill the elephant!
Cheibriados appreciates the change of pace.
You hit the yak. You hit the yak but do no damage. You barely miss the yak.
You hit the elephant. You block the yak's attack.
The dream sheep shake their wool and sparkle.
You feel drowsy...
You fall asleep.
The elephant tramples you!!!
You die...

#####....PP........ .
#...†................
##P..................
#...##.....##........
##..###...##.........
[....##....#.........
.....................#
..........>...YY......P
...#........†YY@......P
.....#....#YYY.......
P....##...Y##........
#... #...Y##.........
.....................
.....................
...................
...........#.......
......./.... ..


You could see 2 elephants, 4 yaks and 3 dream sheep.

Vanquished Creatures
  Rupert (Lair:3)
  Snorg (Lair:3)
  The ghost of Xelenos the Grappler, a journeyman MiMo of Wu Jian (D:12)
  A fire dragon (Lair:5)
  4 hydras
  5 two-headed ogres
  A death knight (D:10)
  Sonja (D:11)
  A skeletal warrior (D:10)
  2 unseen horrors
  A phantasmal warrior (D:10)
  A cyclops (D:11)
  3 oklob plants
  An ugly thing (D:11)
  The ghost of Pawles22 the Covert, a novice OpAs of Ru (D:7)
  3 centaur zombies
  A manticore (D:11)
  Psyche (D:11)
  2 black mambas
  11 elephants
  5 spiny frogs
  7 rime drakes
  4 komodo dragons
  A freezing wraith (D:10)
  A hornet (D:10)
  A polar bear (Lair:3)
  6 trolls
  8 slime creatures
  10 blink frogs
  7 hippogriffs
  3 dream sheep (Lair:6)
  A spriggan (D:7)
  3 wyverns
  A wraith (D:12)
  A basilisk (Lair:1)
  53 yaks
  10 steam dragons
  A hungry ghost (D:11)
  2 swamp worms (Lair:2)
  4 nagas (Lair:3)
  An acid dragon (D:12)
  9 porcupines
  12 water moccasins
  A black bear (D:10)
  6 ice beasts
  3 sky beasts
  An eye of draining (D:12)
  4 orc warriors
  2 phantoms
  2 necrophages (D:7)
  5 wolves
  10 ogres
  13 centaurs
  9 crocodiles
  2 elf zombies (D:7)
  A big kobold (D:5)
  17 bullfrogs
  A wyvern zombie (D:10)
  An elf skeleton (D:7)
  3 scorpions
  A water moccasin skeleton (D:10)
  18 killer bees
  3 howler monkeys
  5 wights
  3 electric eels
  2 troll skeletons (D:7)
  5 crimson imps
  2 bullfrog zombies
  7 hounds
  A human zombie (D:7)
  8 orc priests
  5 jellies
  3 bullfrog skeletons
  A gnoll shaman (D:6)
  24 orc wizards
  Jessica (D:3)
  3 centaur skeletons
  A human skeleton (D:7)
  Ijyb (D:5)
  4 iguanas
  12 worker ants
  A hound zombie (D:6)
  4 hound skeletons
  A mummy (D:7)
  2 worker ant zombies
  Robin (D:3)
  16 gnolls
  17 adders
  A howler monkey skeleton (D:9)
  7 shadow imps
  An ooze (D:3)
  An adder zombie (D:9)
  5 worms (D:2)
  5 dart slugs
  4 leopard geckos
  69 orcs
  4 ball pythons
  5 bats
  3 giant cockroaches
  12 goblins
  12 hobgoblins
  7 jackals
  6 quokkas
  8 frilled lizards
  16 kobolds
  2 leopard gecko skeletons
  3 quokka skeletons
  10 rats
  2 bushes (Lair:2)
  3 plants
613 creatures vanquished.

Vanquished Creatures (others)
  A rime drake (Lair:5)
  A troll (D:12)
  A howler monkey (D:12)
  A centaur skeleton (D:9)
  A hound (D:9)
  3 orcs (D:9)
  9 fungi
  4 plants
21 creatures vanquished.

Grand Total: 634 creatures vanquished

Notes
Turn   | Place    | Note
-------+----------+-------------------------------------------
     0 | D:1      | shakethe the Hill Orc Fighter began the quest for the Orb.
     0 | D:1      | Reached XP level 1. HP: 19/19 MP: 1/1
    40 | D:1      | Reached skill level 3 in Axes
    48 | D:1      | Reached XP level 2. HP: 20/26 MP: 2/2
   439 | D:2      | Reached XP level 3. HP: 30/31 MP: 3/3
   478 | D:2      | Reached skill level 4 in Shields
   537 | D:2      | Reached skill level 4 in Axes
   884 | D:2      | Reached XP level 4. HP: 32/39 MP: 4/4
  1376 | D:3      | Noticed Jessica
  1383 | D:3      | Killed Jessica
  1404 | D:3      | Reached XP level 5. HP: 43/45 MP: 5/5
  1413 | D:3      | Found an ornate altar of the Wu Jian Council.
  1455 | D:3      | Reached skill level 5 in Axes
  1535 | D:3      | Noticed Robin
  1560 | D:3      | Killed Robin
  1560 | D:3      | Reached skill level 5 in Shields
  1664 | D:3      | Found a glowing golden altar of the Shining One.
  2029 | D:3      | Reached skill level 4 in Armour
  2135 | D:3      | Reached XP level 6. HP: 51/51 MP: 6/6
  2288 | D:3      | Found a snail-covered altar of Cheibriados.
  2304 | D:3      | Became a worshipper of Cheibriados the Contemplative
  2453 | D:3      | Found a basalt altar of Yredelemnul.
  2799 | D:3      | Noticed an angel
  2888 | D:4      | Got a pitted ring mail
  2900 | D:4      | Identified the +3 ring mail "Rorekar" {rCorr Dex+2 SInv Stlth+} (You found it on level 4 of the Dungeon)
  2908 | D:4      | Found Kevvonli's Book Emporium.
  2938 | D:4      | Reached skill level 6 in Axes
  3173 | D:4      | Reached * piety under Cheibriados
  3173 | D:4      | Reached XP level 7. HP: 53/57 MP: 7/7
  3179 | D:4      | Reached skill level 6 in Shields
  3529 | D:4      | Reached skill level 7 in Axes
  3623 | D:4      | Found a sparkling altar of Nemelex Xobeh.
  3680 | D:4      | Reached skill level 5 in Armour
  3702 | D:4      | Found a glowing silver altar of Zin.
  3737 | D:4      | Found a white marble altar of Elyvilon.
  3761 | D:4      | Noticed Edmund
  3955 | D:4      | Noticed an angel
  3964 | D:4      | Found a shimmering altar of Xom.
  4150 | D:5      | Entered Level 5 of the Dungeon
  4162 | D:5      | HP: 14/57 [ice beast (14)]
  4167 | D:5      | Reached skill level 8 in Axes
  4167 | D:5      | Reached skill level 7 in Shields
  4167 | D:5      | Reached XP level 8. HP: 15/64 MP: 8/8
  4454 | D:5      | Reached ** piety under Cheibriados
  4761 | D:5      | Noticed Ijyb
  4774 | D:5      | Killed Ijyb
  4868 | D:5      | Reached skill level 4 in Fighting
  5050 | D:5      | Found a radiant altar of Vehumet.
  5312 | D:6      | Reached skill level 1 in Dodging
  5323 | D:6      | Reached skill level 9 in Axes
  5323 | D:6      | Reached skill level 8 in Shields
  5356 | D:6      | Reached *** piety under Cheibriados
  5543 | D:6      | Found a staircase to the Ecumenical Temple.
  5568 | D:6      | Reached skill level 6 in Armour
  5568 | D:6      | Reached XP level 9. HP: 72/72 MP: 9/9
  5572 | D:6      | Found a deep blue altar of Sif Muna.
  5759 | D:6      | Found a shattered altar of Ashenzari.
  6329 | D:7      | Found a basalt altar of Yredelemnul.
  6335 | D:7      | Reached skill level 5 in Fighting
  6335 | D:7      | Reached skill level 2 in Dodging
  6341 | D:7      | Reached **** piety under Cheibriados
  6348 | D:7      | Reached skill level 10 in Axes
  6486 | D:7      | Reached skill level 9 in Shields
  6640 | D:7      | Noticed Pawles22's ghost (novice OpAs)
  6658 | D:7      | Killed Pawles22's ghost
  6808 | D:7      | Reached XP level 10. HP: 72/83 MP: 10/10
  6905 | D:8      | Reached skill level 7 in Armour
  6908 | D:8      | Reached skill level 3 in Dodging
  6945 | D:8      | Noticed a two-headed ogre
  6952 | D:8      | Killed a two-headed ogre
  6952 | D:8      | Reached skill level 6 in Fighting
  6952 | D:8      | Reached skill level 11 in Axes
  7066 | D:8      | Found Tyukom's Antique Weapon Emporium.
  7081 | D:8      | Found a stormy altar of Qazlal.
  7091 | D:8      | Reached ***** piety under Cheibriados
  7152 | D:8      | You fall through a shaft for 3 floors!
  7160 | D:11     | Found a staircase to the Orcish Mines.
  7161 | D:11     | Noticed a manticore
  7171 | D:11     | Reached skill level 10 in Shields
  7184 | D:11     | Killed a manticore
  7197 | D:11     | Noticed a green ugly thing
  7436 | D:11     | Found Meug's Distillery.
  7650 | D:11     | Bought a potion of heal wounds for 50 gold pieces
  7650 | D:11     | Bought a potion of might for 40 gold pieces
  7650 | D:11     | Bought a potion of might for 40 gold pieces
  7650 | D:11     | Bought a potion of mutation for 80 gold pieces
  7650 | D:11     | Gained mutation: You are partially covered in slimy green scales. (AC +2) [potion of mutation]
  7650 | D:11     | Gained mutation: Your natural rate of healing is unusually fast. [potion of mutation]
  7662 | D:11     | Killed a green ugly thing
  7662 | D:11     | Reached skill level 1 in Invocations
  7668 | D:10     | Entered Level 10 of the Dungeon
  7678 | D:10     | Reached skill level 12 in Axes
  7678 | D:10     | Reached skill level 7 in Fighting
  7678 | D:10     | Reached skill level 2 in Invocations
  7679 | D:10     | Reached XP level 11. HP: 56/92 MP: 10/12
  7874 | D:10     | Reached skill level 4 in Dodging
  7913 | D:10     | Reached skill level 8 in Armour
  7919 | D:10     | Noticed an unseen horror
  7988 | D:9      | Reached skill level 3 in Invocations
  8100 | D:9      | Reached skill level 11 in Shields
  8159 | D:9      | HP: 23/92 [troll (2)]
  8160 | D:9      | HP: 9/92 [electric eel/bolt of electricity (13)]
  8255 | D:9      | Reached ****** piety under Cheibriados
  8383 | D:9      | Found a staircase to the Lair.
  8444 | D:9      | Found Zaonur's Book Boutique.
  8931 | D:8      | Noticed a two-headed ogre
  8940 | D:8      | Killed a two-headed ogre
  8940 | D:8      | Reached skill level 13 in Axes
  8940 | D:8      | Reached skill level 4 in Invocations
  9029 | D:8      | Noticed a two-headed ogre
  9031 | D:8      | Killed a two-headed ogre
  9132 | D:8      | Found Xotruk's Food Shoppe.
  9226 | D:8      | Noticed a two-headed ogre
  9236 | D:8      | Killed a two-headed ogre
  9236 | D:8      | Reached skill level 8 in Fighting
  9499 | D:10     | Reached XP level 12. HP: 85/101 MP: 15/15
  9644 | D:10     | Reached skill level 5 in Invocations
  9733 | D:10     | Noticed a death knight
  9756 | D:10     | Reached skill level 5 in Dodging
  9767 | D:10     | HP: 24/102 [death knight/broad axe (6)]
  9775 | D:10     | Killed a death knight
  9775 | D:10     | Reached skill level 12 in Shields
  9788 | D:10     | HP: 19/103 [skeletal warrior/short sword of protection[a death knight] (8)]
  9794 | D:10     | HP: 14/103 [skeletal warrior/short sword of protection[a death knight] (18)]
  9796 | D:10     | Reached skill level 9 in Armour
 10269 | D:11     | Noticed Psyche
 10274 | D:11     | Killed Psyche
 10334 | D:11     | Noticed Sonja
 10335 | D:11     | Killed Sonja
 10335 | D:11     | Reached skill level 14 in Axes
 10438 | D:11     | Noticed a two-headed ogre
 10449 | D:11     | Killed a two-headed ogre
 10449 | D:11     | Reached skill level 6 in Invocations
 10763 | D:11     | Got a coiled ivory amulet
 10989 | D:12     | Noticed Xelenos's ghost (journeyman MiMo)
 10993 | D:12     | Reached skill level 9 in Fighting
 11005 | D:12     | HP: 20/104 [Xelenos's ghost (18)]
 11014 | D:12     | Killed Xelenos's ghost
 11092 | D:12     | Found Istril's General Store.
 11170 | D:12     | Found Jinicugg's Antique Armour Shoppe.
 11194 | D:12     | Reached XP level 13. HP: 101/111 MP: 5/18
 11265 | D:12     | Found Bocee's Assorted Antiques.
 11294 | D:12     | Reached skill level 7 in Invocations
 11315 | D:12     | Found a flickering gateway to a bazaar.
 11320 | D:12     | Reached skill level 13 in Shields
 11327 | Bazaar   | Entered a bazaar
 11331 | Bazaar   | Found Velug's Magic Scroll Boutique.
 11346 | Bazaar   | Found Iseisuge's Antique Weapon Emporium.
 11358 | Bazaar   | Found Byugontu's General Store.
 11373 | Bazaar   | Found Vemnol's Antique Armour Boutique.
 11390 | Bazaar   | Found Eripum's Jewellery Shoppe.
 11402 | Bazaar   | Identified the amulet "Zofekh" {Reflect Int+2 SH+2} (You found it on level 11 of the Dungeon)
 11471 | Bazaar   | Bought a runed helmet for 135 gold pieces
 11516 | Bazaar   | Bought 3 scrolls of enchant armour for 292 gold pieces
 11716 | D:12     | Found Jauwk's Food Emporium.
 11896 | Lair:1   | Entered Level 1 of the Lair of Beasts
 12217 | Lair:1   | Reached skill level 15 in Axes
 12891 | Lair:2   | Reached skill level 6 in Dodging
 12963 | Lair:2   | Found a staircase to the Swamp.
 13681 | Lair:3   | Noticed Snorg
 13702 | Lair:3   | Killed Snorg
 13786 | Lair:3   | Found a staircase to the Snake Pit.
 13906 | Lair:3   | Reached skill level 10 in Armour
 14003 | Lair:3   | Noticed Rupert
 14019 | Lair:3   | Killed Rupert
 14153 | Lair:3   | Reached skill level 8 in Invocations
 14691 | Lair:4   | Reached skill level 10 in Fighting
 15205 | Lair:5   | HP: 23/113 [spiny frog (17)]
 15384 | Lair:4   | Reached XP level 14. HP: 121/121 MP: 20/20
 15435 | Lair:5   | Reached skill level 16 in Axes
 15674 | Lair:5   | Reached skill level 14 in Shields
 15695 | Lair:5   | Got a bloodstained broad axe
 15696 | Lair:5   | Identified the +5 broad axe of Prudence {antimagic, *Slow +Rage rElec rF+} (You found it on level 5 of the Lair of Beasts)
 15957 | Lair:5   | Reached skill level 9 in Invocations
 16629 | Lair:5   | Reached skill level 7 in Dodging
 16890 | Lair:6   | Entered Level 6 of the Lair of Beasts
 17227 | Lair:6   | Found a staircase to the Slime Pits.
 17248 | Lair:6   | Reached skill level 11 in Armour
 17284 | Lair:6   | Slain by an elephant

Skill      XL: |  1  2  3  4  5  6  7  8  9 10 11 12 13 14 |
---------------+-------------------------------------------+-----
Axes           | 3 4 5 6 8 9 10 12 13 14 15 16 | 16.8
Shields        | 4 5 7 8 9 10 11 12 13 14 | 14.7
Armour         | 4 5 6 7 8 9 10 11 | 11.0
Fighting       | 4 5 7 8 9 10 | 10.9
Dodging        | 1 2 3 4 5 6 7 |  7.2
Invocations    | 2 4 6 8 9 |  9.6

Action                   |  1- 3 |  4- 6 |  7- 9 | 10-12 | 13-15 || total
-------------------------+-------+-------+-------+-------+-------++-------
Melee: War axe           |   107 |   225 |   427 |   657 |   374 ||  1790
       Great mace        |       |       |       |       |    23 ||    23
       Broad axe         |       |       |       |       |   215 ||   215
Invok: Slouch            |       |       |       |     1 |       ||     1
       Temporal Distorti |       |       |       |     1 |       ||     1
Evoke: Wand              |       |       |       |       |     5 ||     5
  Use: Scroll            |       |     6 |     3 |     3 |    12 ||    24
       Potion            |       |       |     2 |     7 |       ||     9
 Stab: Sleeping          |       |       |     6 |     6 |     9 ||    21
  Eat: Chunk             |       |     2 |     6 |     9 |     5 ||    22
       Ration            |       |     2 |       |       |     2 ||     4
Armor: Scale mail        |    49 |    66 |       |       |       ||   115
       Ring mail         |       |    25 |   133 |   174 |    91 ||   423
       Fire dragon scale |       |       |       |       |    68 ||    68
Dodge: Dodged            |    40 |    78 |   158 |   368 |   310 ||   954
Block: Shield            |    47 |   135 |   272 |   579 |   492 ||  1525
       Other             |       |       |       |       |     8 ||     8
       Reflection        |       |       |       |       |     3 ||     3

Vault maps used:
D:1:      minmay_arrival_glassed_features, bh_walls_and_bars
D:3:      grunt_temple_overflow_holy_war, nicolae_overflow_hidden_temple,
          kennysheep_slug_shrine, first_ration, serial_bayou_pond_e,
          grunt_decor_resistance, guppyfry_early_orc_mine, uniq_robin,
          uniq_jessica
D:4:      grunt_temple_overflow_order_and_chaos_1, old_standard_altar,
          lemuel_round_altar, serial_shops, nicolae_shop_waterfront, uniq_edmund
D:5:      lemuel_round_altar, uniq_ijyb
D:6:      cheibrodos_quashed, evilmike_ruin_ashenzari, lemuel_doored_altar,
          minmay_temple_entry_grid
D:7:      the_bakery, lemuel_mausoleum_altar_yredelemnul
D:8:      serial_shops, shop, nicolae_shop_waterfront, grunt_qazlal_sundering
D:9:      erik_lair_island, serial_shops, shop_fountains,
          hangedman_abyss_or_decor_passed, kennysheep_kite_vault
D:11:     david_orc_2, serial_shops, nicolae_shop_waterfront, uniq_sonja,
          uniq_psyche
D:12:     serial_shops, bzr_entry_dummy, shop, shop, shop, shop
Lair:1:   minivault_25, grunt_megastairs_2
Lair:2:   nicolae_swamp_entry_splash_gauntlet, st_stairs_5,
          minmay_lair_oklob_bushes
Lair:3:   minmay_snake_entry_guardpost_small, minmay_lair_oklob_chamber,
          uniq_snorg, uniq_rupert
Lair:4:   serial_bayou_shore_a
Lair:5:   st_stairs_11, bobbens_dragon_lair_wall, grunt_megastairs_1
Lair:6:   due_jungle_book, minmay_slime_entry_pillars, grunt_forest_stairs_basic
Bazaar:   bazaar_lake

Table legend:
 A = Turns spent in this place as a percentage of turns spent in the entire game.
 B = Non-inter-level travel turns spent in this place as a percentage of non-inter-level travel turns spent in the entire game.
 C = Inter-level travel turns spent in this place as a percentage of turns spent in this place.
 D = Turns resting spent in this place as a percentage of non-inter-level travel turns spent in this place.
 E = Turns spent auto-exploring this place as a percentage of non-inter-level travel turns spent in this place.
 F = Non-inter-level travel turns spent in this place divided by the number of levels of this place that you've seen.
                   A       B       C       D       E      F
               +-------+-------+-------+-------+-------+----------------------
         Total | 100.0 | 100.0 |   1.2 |  18.1 |  51.9 | 898.7
       Dungeon |  67.6 |  67.6 |   1.3 |  22.8 |  48.0 | 961.2
          Lair |  31.2 |  31.2 |   1.0 |   8.8 |  62.2 | 888.7
        Bazaar |   1.2 |   1.2 |   0.0 |   0.0 |   0.0 | 209.0
               +-------+-------+-------+-------+-------+----------------------

Table legend:
 A = Kills in this place as a percentage of kills in entire the game.
 B = Kills by you in this place as a percentage of kills by you in the entire game.
 C = Kills by friends in this place as a percentage of kills by friends in the entire game.
 D = Other kills in this place as a percentage of other kills in the entire game.
 E = Experience gained in this place as a percentage of experience gained in the entire game.
 F = Experience gained in this place divided by the number of levels of this place that you have seen.
                   A       B       C       D       E      F
               +-------+-------+-------+-------+-------+----------------------
         Total | 100.0 | 100.0 |   N/A | 100.0 | 100.0 | 4256.5
       Dungeon |  72.1 |  72.0 |   N/A |  75.0 |  42.2 | 2846.6
          Lair |  27.9 |  28.0 |   N/A |  25.0 |  57.8 | 7785.7
               +-------+-------+-------+-------+-------+----------------------
